 Dungeon Crawl Stone Soup version 0.31-a0-851-g7ff8af7976 (webtiles) character file.

Game seed: 3118295684100380974

2605 Darkleo28 the Cleaver (level 9, -13/81 HPs)
             Began as a Hill Orc Fighter on Oct 8, 2023.
             Was a Believer of Okawaru.
             Killed from afar by an oklob plant (21 damage)
             ... with a splash of acid
             ... on level 6 of the Dungeon.
             The game lasted 00:16:58 (6428 turns).

Darkleo28 the Cleaver (Hill Orc Fighter)            Turns: 6428, Time: 00:16:59

Health: -13/81     AC:  3    Str: 23    XL:     9   Next: 59%
Magic:  9/9        EV:  8    Int:  8    God:    Okawaru [**....]
Gold:   403        SH:  4    Dex: 10    Spells: 8/8 levels left

rFire   . . .        E - +0 hand axe (venom)
rCold   . . .        c - +0 buckler
rNeg    . . .        j - +0 chain mail
rPois   .            k - +0 helmet
rElec   .            (no cloak)
rCorr   .            (no gloves)
SInv    .            (no boots)
Will    .....        (no amulet) Stlth
                     (no ring)
HPRegen 0.33/turn    (no ring)
MPRegen 0.11/turn

%: no passive effects
@: corroded
A: no striking features
a: Renounce Religion, Heroism


You were on level 6 of the Dungeon.
You worshipped Okawaru.
Okawaru was pleased with you.
You visited 2 branches of the dungeon, and saw 7 of its levels.
You also visited: Sewer.

You collected 403 gold pieces.

Inventory:

Hand Weapons
 a - a +0 war axe
 E - a +0 hand axe of venom (weapon)
Armour
 b - a +0 scale mail
 c - a +0 buckler (worn)
 j - a +0 chain mail (worn)
 k - a +0 helmet (worn)
Jewellery
 m - an amulet of faith
 r - a ring of poison resistance
 y - a ring of resist corrosion
Talismans
 g - a beast talisman
Wands
 D - a wand of charming (21)
Scrolls
 e - 2 scrolls of noise {unknown}
 n - 2 scrolls of torment {unknown}
 p - 2 scrolls of enchant armour {unknown}
 q - a scroll of brand weapon {unknown}
 t - a scroll of fog {unknown}
 w - 2 scrolls of teleportation {unknown}
 B - a scroll of enchant weapon {unknown}
 C - 3 scrolls of identify {unknown}
Potions
 d - 4 potions of might
 f - a potion of heal wounds {unknown}
 h - 4 potions of curing {unknown}
 i - 2 potions of brilliance {unknown}
 l - a potion of haste {unknown}
 o - a potion of invisibility {unknown}
 s - 2 potions of degeneration {unknown}
 u - a potion of cancellation {unknown}
 v - 2 potions of magic {unknown}
 x - a potion of mutation {unknown}
 z - a potion of lignification {unknown}
 A - 2 potions of ambrosia {unknown}
 F - a potion of attraction {unknown}


   Skills:
 + Level 8.0 Fighting
 + Level 12.4 Axes
 + Level 7.1 Armour
 - Level 1.6 Dodging
 - Level 0.1 Stealth
 - Level 3.2 Shields


You had 8 spell levels left.
You didn't know any spells.
Your spell library contained the following spells:

 Spells                   Type           Power      Damage    Failure   Level
 Slow                     Hex            0%         N/A       95%         1
 Lesser Beckoning         Tloc           0%         N/A       99%         2
 Confusing Touch          Hex            0%         N/A       100%        3
 Gell's Gravitas          Tloc           0%         N/A       100%        3
 Sigil of Binding         Hex            0%         N/A       100%        3
 Teleport Other           Tloc           0%         N/A       100%        3
 Vampiric Draining        Necr           0%         2d6       100%        3


Dungeon Overview and Level Annotations

Branches:
Dungeon (6/15)             Temple (1/1) D:5           Sewer (visited)

Altars:
Ashenzari
Dithmenos
Elyvilon
Fedhas
Hepliaklqana
Kikubaaqudgha
Nemelex Xobeh
Okawaru
Ru
Sif Muna
Uskayaw
Vehumet
The Shining One

Shops:
D:1 [   D:5 ?(

Annotations:
D:6 exclusion: oklob plant


Message History

You hit the endoplasm.
You kill the endoplasm!
Okawaru accepts your kill.
You are no longer corroded.
You start resting.
HP restored.
Found a scale mail.
The oklob plant spits acid at you. The splash of acid hits you!!
The acid corrodes you!
There is an open door here.
The oklob plant spits acid at you. The splash of acid misses you.
You slash the oklob plant!
The oklob plant is lightly damaged.
The oklob plant spits acid at you. The splash of acid hits you.
The acid corrodes you!
You hit the oklob plant but do no damage.
The oklob plant is poisoned.
The oklob plant is lightly damaged.
You slash the oklob plant!
The oklob plant is moderately damaged.
You hit the oklob plant but do no damage.
The oklob plant is moderately damaged.
You hit the oklob plant.
The oklob plant is moderately damaged.
You hit the oklob plant but do no damage.
The oklob plant is moderately damaged.
You hit the oklob plant.
The oklob plant is moderately damaged.
The oklob plant spits acid at you. The splash of acid hits you!!
You hit the oklob plant but do no damage.
The oklob plant is moderately damaged.
The oklob plant spits acid at you. The splash of acid hits you!!
* * * LOW HITPOINT WARNING * * *
The acid corrodes you! The oklob plant spits acid at you.
The splash of acid hits you!!
You die...

##### #[..#
##...## #.....#
#..P..# #.....#
##### ##@..##
##...## #...#
#.#...# ##'##
##....# ##.#
###.<.## ##..# #
#....### ##..##
###....#.# ##..##
#......#.####..##
..............##


You could see an oklob plant (poisoned).

Vanquished Creatures
  An unseen horror (D:5)
  Grinder (Sewer)
  Edmund (D:6)
  An ice beast (D:6)
  An ogre (D:6)
  A phantom (D:5)
  2 kobold brigands (Sewer)
  3 bullfrogs (D:6)
  4 scorpions
  A quasit (Sewer)
  6 hounds
  11 jellies
  3 orc priests
  A sleepcap (D:4)
  4 iguanas
  Natasha (thrice) (D:2)
  3 orc wizards
  11 adders
  A river rat (D:3)
  3 shadow imps
  5 ufetubi
  2 worms
  2 dart slugs
  10 orcs
  20 endoplasms
  4 giant cockroaches
  14 hobgoblins
  5 jackals
  5 quokkas
  9 ball pythons
  11 bats
  2 frilled lizards
  2 giant cockroach zombies (Sewer)
  2 goblins
  26 kobolds
  2 kobold zombies (Sewer)
  6 rats
189 creatures vanquished.

Notes
Turn   | Place    | Note
-------+----------+-------------------------------------------
     0 | D:1      | Darkleo28 the Hill Orc Fighter began the quest for the Orb.
     0 | D:1      | Reached XP level 1. HP: 19/19 MP: 1/1
    83 | D:1      | Reached skill level 3 in Axes
   144 | D:1      | Reached XP level 2. HP: 26/26 MP: 2/2
   312 | D:1      | Reached skill level 4 in Axes
   386 | D:1      | Found Uhuggass's Antique Armour Boutique.
   514 | D:1      | Reached XP level 3. HP: 29/31 MP: 3/3
   795 | D:2      | Reached skill level 5 in Axes
   829 | D:2      | Noticed Natasha
   839 | D:2      | Killed Natasha
   840 | D:2      | Reached XP level 4. HP: 31/39 MP: 4/4
   840 | D:2      | Noticed Natasha
   855 | D:2      | Killed Natasha
   856 | D:2      | Reached skill level 6 in Axes
   982 | D:2      | Reached XP level 5. HP: 45/45 MP: 5/5
  1100 | D:2      | Noticed Natasha
  1113 | D:2      | Killed Natasha
  1369 | D:3      | Reached skill level 7 in Axes
  1371 | D:3      | Reached skill level 1 in Dodging
  1681 | D:3      | Found a glowing drain.
  1685 | Sewer    | Entered a sewer
  1781 | Sewer    | Found a burning altar of Makhleb.
  1784 | Sewer    | Reached XP level 6. HP: 18/51 MP: 6/6
  2003 | Sewer    | Reached skill level 8 in Axes
  2085 | Sewer    | Reached skill level 9 in Axes
  2133 | Sewer    | Noticed Grinder
  2138 | Sewer    | Paralysed by Grinder for 4 turns
  2153 | Sewer    | Killed Grinder
  2154 | Sewer    | Reached skill level 10 in Axes
  2154 | Sewer    | Reached XP level 7. HP: 11/57 MP: 7/7
  2474 | D:3      | Found a faded altar of an unknown god.
  4280 | D:4      | Reached XP level 8. HP: 67/67 MP: 8/8
  4403 | D:5      | Entered Level 5 of the Dungeon
  4403 | D:5      | Found Ixaih's Magic Scroll Boutique.
  4448 | D:5      | Reached skill level 5 in Fighting
  4506 | D:5      | Found a staircase to the Ecumenical Temple.
  4567 | Temple   | Entered the Ecumenical Temple
  4619 | Temple   | Became a worshipper of Warmaster Okawaru
  4697 | D:5      | Found a white marble altar of Elyvilon.
  4884 | D:5      | Found Ewkunnee's Weapon Shop.
  4968 | D:5      | Found an ancient bone altar of Kikubaaqudgha.
  5094 | D:5      | Found a sparkling altar of Nemelex Xobeh.
  5103 | D:5      | Reached skill level 11 in Axes
  5103 | D:5      | Reached skill level 5 in Armour
  5303 | D:5      | Killed an unseen horror
  5303 | D:5      | Reached * piety under Okawaru
  5661 | D:5      | Found a sacrificial altar of Ru.
  5684 | D:6      | Noticed Edmund
  5690 | D:6      | Reached XP level 9. HP: 78/78 MP: 9/9
  5710 | D:6      | Killed Edmund
  5817 | D:6      | Reached skill level 12 in Axes
  5969 | D:6      | Noticed an oklob plant
  5988 | D:6      | Reached ** piety under Okawaru
  6428 | D:6      | Killed from afar by an oklob plant

Illustrated notes

Levels and vault maps discovered:
D:1:      kennysheep_arrival_forest, layout_loops_ring, serial_shops, shop
D:2:      layout_rooms, uniq_natasha
D:3:      layout_basic, ebering_ecumenical_altar_hall, gup_sewer_entry_spiral
D:4:      minmay_recursive_quarters, layout_loops_corners, uniq_grinder
D:5:      layout_rooms, nicolae_kikubaaqudgha_miasma_corner,
          kennysheep_mini_moat, minmay_temple_entry_glassed_door, serial_shops,
          nicolae_shop_waterfront, nicolae_stop_n_shop_1,
          hangedman_feature_mirror
D:6:      lemuel_slime, layout_cave_pools, kennysheep_generic_room_3,
          uniq_edmund
Temple:   jpeg_temple_alley_garden

Skill      XL: |  1  2  3  4  5  6  7  8  9 |
---------------+----------------------------+-----
Axes           | 3 4 5 6 7 10 11 12 | 12.4
Dodging        | 1 |  1.6
Fighting       | 4 6 8 |  8.0
Armour         | 4 5 7 |  7.1
Stealth        | |  0.1
Shields        | |  3.2

Action                     |  1- 3 |  4- 6 |  7- 9 || total
---------------------------+-------+-------+-------++-------
  Melee: War axe           |   124 |   184 |   155 ||   463
         Hand axe          |       |       |   211 ||   211
 Armour: Scale mail        |    41 |       |       ||    41
         Chain mail        |    66 |   190 |   247 ||   503
  Dodge: Dodged            |    72 |   100 |   102 ||   274
  Block: Buckler           |    40 |    47 |    52 ||   139

Table legend: (Time is in decaauts)
 A = Elapsed time spent in this place.
 B = Non-inter-level travel time spent in this place.
 C = Inter-level travel time spent in this place.
 D = Time resting spent in this place.
 E = Time spent auto-exploring this place.
 F = Levels seen in this place.
 G = Mean time per level.
                   A        B        C        D        E       F      G
               +--------+--------+--------+--------+--------+-----+--------+
         Total |   6505 |   6236 |    269 |    506 |   3772 |   8 |  813.1 |
       Dungeon |   5609 |   5381 |    228 |    100 |   3656 |   6 |  934.8 |
        Temple |    226 |    185 |     41 |    130 |      0 |   1 |  226.0 |
         Sewer |    669 |    669 |      0 |    276 |    116 |   1 |  669.0 |
               +--------+--------+--------+--------+--------+-----+--------+

Top non-repeatable levels by time:
     D:5: 1267 daAuts
     D:3: 1263 daAuts
     D:4: 1262 daAuts
     D:1: 802 daAuts
   Sewer: 669 daAuts
     D:2: 532 daAuts
     D:6: 480 daAuts
  Temple: 226 daAuts
